 Dungeon Crawl Stone Soup version 0.31.0-32-g396128a36d (webtiles) character file.

Game seed: 976053234684366356

607 Logoto the Trooper (level 7, -7/61 HPs)
             Began as a Hill Orc Fighter on Mar 10, 2024.
             Was a Follower of Okawaru.
             Mangled by Edmund
             ... wielding a +4 dire flail of protection
              (12 damage)
             ... on level 4 of the Dungeon.
             The game lasted 00:09:26 (3150 turns).

Logoto the Trooper (Hill Orc Fighter)               Turns: 3150, Time: 00:09:27

Health: -7/61      AC:  7    Str: 21    XL:     7   Next: 43%
Magic:  7/7        EV: 10    Int:  8    God:    Okawaru [*.....]
Gold:   237        SH:  4    Dex: 10    Spells: 6/6 levels left

rFire   . . .        f - +2 flail (protect)
rCold   . . .        c - +0 buckler
rNeg    . . .        b - +0 scale mail
rPois   +            (no helmet)
rElec   .            (no cloak)
rCorr   .            (no gloves)
SInv    .            (no boots)
Will    .....        (no amulet) Stlth
                     m - ring of poison resistance
HPRegen 0.30/turn    (no ring)
MPRegen 0.10/turn

%: no passive effects
@: mighty
A: no striking features
a: Renounce Religion, Heroism


You were on level 4 of the Dungeon.
You worshipped Okawaru.
Okawaru was aware of your devotion.
You visited 1 branch of the dungeon, and saw 6 of its levels.

You collected 237 gold pieces.

Inventory:

Hand Weapons
 f - a +2 flail of protection (weapon)
Armour
 b - a +0 scale mail (worn)
 c - a +0 buckler (worn)
Jewellery
 m - a ring of poison resistance (left hand)
 t - a ring of resist corrosion
Scrolls
 e - a scroll of enchant weapon
 i - a scroll of amnesia {unknown}
 j - a scroll of fear {unknown}
 n - a scroll of vulnerability {unknown}
 o - 3 scrolls of identify
 q - 3 scrolls of teleportation {unknown}
 r - a scroll of butterflies {unknown}
 s - a scroll of fog {unknown}
Potions
 a - a potion of heal wounds {unknown}
 g - a potion of enlightenment
 h - a potion of brilliance
 k - a potion of haste
 l - 2 potions of mutation
 p - 2 potions of curing {unknown}


   Skills:
 + Level 5.4 Fighting
 + Level 3.5(5.2) Axes
 + Level 4.9(5.3) Maces & Flails
 + Level 4.3 Armour
 + Level 2.2 Dodging
 + Level 0.1 Stealth
 + Level 4.3 Shields


You had 6 spell levels left.
You didn't know any spells.
Your spell library contained the following spells:

 Spells                   Type           Power      Damage    Failure   Level
 Necrotise                Necr           0%         1d4       80%         1
 Vampiric Draining        Necr           0%         2d6       99%         3
 Curse of Agony           Necr           0%         N/A       100%        5
 Martyr's Knell           Necr/Summ      Unusable   N/A       N/A         4

Dungeon Overview and Level Annotations

Branches:
Dungeon (6/15)
 Temple: D:4-7

Altars:
Elyvilon
Fedhas
Nemelex Xobeh
Okawaru
Qazlal
Uskayaw

Shops:
D:1 [   D:2 [

Annotations:
D:4 Edmund


Message History

Edmund hits you but does no damage.
Edmund hits you with a +4 dire flail of protection.
You sock Edmund!
Edmund is severely wounded.
Edmund hits you with a +4 dire flail of protection!
You hit Edmund.
Edmund is severely wounded.
Edmund hits you with a +4 dire flail of protection!
You hit Edmund but do no damage.
Edmund is severely wounded.
Edmund barely misses you.
You thump Edmund!
Edmund is almost dead.
Edmund hits you with a +4 dire flail of protection.
You barely miss Edmund.
Edmund is almost dead.
Edmund hits you with a +4 dire flail of protection.
You completely miss Edmund.
Edmund is almost dead.
Edmund hits you but does no damage. x2
You hit Edmund.
Edmund is almost dead.
Edmund hits you with a +4 dire flail of protection.
You barely miss Edmund.
Edmund is almost dead.
Edmund hits you with a +4 dire flail of protection.
You barely miss Edmund.
Edmund is almost dead.
Edmund hits you with a +4 dire flail of protection.
* * * LOW HITPOINT WARNING * * *
You barely miss Edmund.
Edmund is almost dead.
Edmund closely misses you.
You closely miss Edmund.
Edmund is almost dead.
Edmund hits you with a +4 dire flail of protection!
* * * LOW HITPOINT WARNING * * *
Edmund hits you with a +4 dire flail of protection!
You die...
Edmund says, "I'd like to see a scythe do that!"

## #########
#.......######
###...@...#####
#.......##@......# #
.....#..##.#.###.#
#.##.##.#..#.....##.#
###.##.##.......#..##.#
#...... ....##.......#
##.#.#.. .......)......#
.....#.#######.###.....#
.....#......##. #..##.#
.#.#.#.>.)..##.###.###.#


You could see Edmund.

Vanquished Creatures
  An ice beast (D:4)
  An ogre (D:4)
  A phantom (D:4)
  A bullfrog (D:4)
  A bombardier beetle (D:3)
  A jelly (D:5)
  Natasha (thrice) (D:2)
  3 gnolls (D:2)
  4 adders
  2 dart slugs
  6 orcs
  6 endoplasms
  4 giant cockroaches
  11 goblins
  6 hobgoblins
  3 jackals (D:1)
  5 quokkas
  7 ball pythons
  9 bats
  3 frilled lizards
  6 kobolds
  5 rats
89 creatures vanquished.

Notes
Turn   | Place    | Note
-------+----------+-------------------------------------------
     0 | D:1      | Logoto the Hill Orc Fighter began the quest for the Orb.
     0 | D:1      | Reached XP level 1. HP: 19/19 MP: 1/1
   294 | D:1      | Reached XP level 2. HP: 21/27 MP: 2/2
   402 | D:1      | Found Hozxyane's Armour Boutique.
   402 | D:1      | Noticed an animated plate armour
   405 | D:1      | Noticed an animated storm dragon scales
   588 | D:1      | Reached XP level 3. HP: 31/33 MP: 3/3
   600 | D:1      | Found a faded altar of an unknown god.
   761 | D:1      | Reached skill level 1 in Maces & Flails
  1119 | D:2      | Found Ruimev's Antique Armour Emporium.
  1156 | D:2      | Noticed Natasha
  1178 | D:2      | Killed Natasha
  1179 | D:2      | Reached XP level 4. HP: 14/40 MP: 4/4
  1314 | D:2      | Reached skill level 4 in Fighting
  1561 | D:2      | Noticed Natasha
  1584 | D:2      | Killed Natasha
  1585 | D:2      | Reached skill level 1 in Dodging
  1585 | D:2      | Reached XP level 5. HP: 39/46 MP: 5/5
  1630 | D:2      | Noticed Natasha
  1647 | D:2      | Killed Natasha
  1771 | D:3      | Found a blossoming altar of Fedhas.
  1881 | D:3      | Found a white marble altar of Elyvilon.
  2082 | D:3      | You fall into a shaft and drop 3 floors!
  2082 | D:6      | Found an iron altar of Okawaru.
  2091 | D:6      | Became a worshipper of Warmaster Okawaru
  2100 | D:6      | Reached XP level 6. HP: 51/53 MP: 6/6
  2123 | D:5      | Entered Level 5 of the Dungeon
  2140 | D:5      | Noticed a +0 dagger
  2142 | D:5      | Found a hide-covered altar of Uskayaw.
  2143 | D:5      | Noticed a +0 dagger
  2212 | D:3      | Found a sparkling altar of Nemelex Xobeh.
  2278 | D:3      | Found a stormy altar of Qazlal.
  2712 | D:4      | Reached skill level 5 in Fighting
  2712 | D:4      | Reached XP level 7. HP: 58/61 MP: 7/7
  3048 | D:4      | Reached * piety under Okawaru
  3126 | D:4      | Noticed Edmund
  3150 | D:4      | Mangled by Edmund

Illustrated notes

Levels and vault maps discovered:
D:1:      dpeg_arrival_arbitrary_a, layout_basic, serial_shops,
          nicolae_shop_mannequins, hellmonk_ecumenical_altar_heavens_door,
          kennysheep_nondescript
D:2:      layout_basic, serial_shops, shop, uniq_natasha
D:3:      layout_basic, fedhas_altar_1, mainiacjoe_overflow_alcove_1,
          lemuel_round_altar, amcnicky_altar_gilded,
          chequers_serial_rivers_room_b, amcnicky_mini_pool_small
D:4:      layout_loops_cross, temple_fountains, uniq_edmund
D:5:      minmay_chambers_of_fours, layout_rooms, dancing_weapons_uskayaw,
          fiery_altar_vehumet, mainiacjoe_overflow_swirl, serial_shops,
          shop_fountains, gammafunk_ghost_split, st_stairs_5, uniq_duvessa
D:6:      layout_rooms, hangedman_feature_mirror, uniq_eustachio, uniq_menkaure

Skill      XL: |  1  2  3  4  5  6 |
---------------+-------------------+-----
Axes           | 3 |  3.5
Maces & Flails | 1 2 4 |  4.9
Shields        | 4 |  4.3
Fighting       | 4 5 |  5.4
Dodging        | 1 2 |  2.2
Armour         | 4 |  4.3
Stealth        | |  0.1

Action                     |  1- 3 |  4- 6 |  7- 9 || total
---------------------------+-------+-------+-------++-------
  Melee: War axe           |    34 |       |       ||    34
         Flail             |    88 |   125 |    60 ||   273
    Use: Scroll            |       |     5 |       ||     5
         Potion            |       |       |     1 ||     1
 Armour: Scale mail        |   148 |   103 |    42 ||   293
  Dodge: Dodged            |    95 |    59 |    21 ||   175
  Block: Buckler           |    40 |    35 |     7 ||    82
